 Dungeon Crawl Stone Soup version 0.30-b1-2-g02819fbbbe (webtiles) character file.

Game seed: 11762354916699800894

320 nightchill the Chopper (level 6, -7/56 HPs)
             Began as a Minotaur Fighter on Sept 7, 2023.
             Killed from afar by Maggie (21 damage)
             ... with a bolt of fire
             ... on level 6 of the Dungeon.
             The game lasted 00:03:25 (1934 turns).

nightchill the Chopper (Minotaur Fighter)           Turns: 1934, Time: 00:03:26

Health: -7/56      AC: 11    Str: 22    XL:     6   Next: 22%
Magic:  5/5        EV:  6    Int:  5    God:
Gold:   120        SH:  9    Dex: 10    Spells: 5/5 levels left

rFire   . . .        a - +0 war axe
rCold   . . .        c - +0 buckler
rNeg    . . .        i - +0 plate armour
rPois   .            (helmet restricted)
rElec   .            (no cloak)
rCorr   .            (no gloves)
SInv    .            (no boots)
Will    .....        m - amulet of reflection Stlth
                     (no ring)
HPRegen 0.29/turn    (no ring)
MPRegen 0.09/turn

%: reflection
@: mighty
A: horns 2, retaliatory headbutt
a: no special abilities


You were on level 6 of the Dungeon.
You visited 1 branch of the dungeon, and saw 4 of its levels.

You collected 120 gold pieces.

Inventory:

Hand Weapons
 a - a +0 war axe (weapon)
Armour
 b - a +0 scale mail
 c - a +0 buckler (worn)
 i - a +0 plate armour (worn)
 p - a +1 cloak
Jewellery
 m - an amulet of reflection (around neck)
 s - an amulet of the acrobat
Scrolls
 g - a scroll of noise {unknown}
 h - 2 scrolls of vulnerability {unknown}
 j - 3 scrolls of identify {unknown}
 k - a scroll of amnesia {unknown}
 n - 3 scrolls of fog {unknown}
 o - a scroll of enchant armour {unknown}
 r - a scroll of magic mapping {unknown}
Potions
 e - a potion of haste {unknown}
 f - 2 potions of curing
 l - a potion of lignification {unknown}
 q - a potion of flight {unknown}


   Skills:
 + Level 5.6 Fighting
 * Level 6.7 Axes
 - Level 3.6 Armour
 - Level 3.6 Shields


You had 5 spell levels left.
You didn't know any spells.
Your spell library contained the following spells:

 Spells                   Type           Power      Damage    Failure   Level
 Apportation              Tloc           0%         N/A       100%        1
 Necrotise                Necr           0%         1d4       100%        1
 Summon Small Mammal      Summ           0%         N/A       100%        1
 Poisonous Vapours        Pois/Air       0%         N/A       100%        2
 Mephitic Cloud           Conj/Pois/Air  0%         N/A       100%        3
 Stone Arrow              Conj/Erth      0%         3d7       100%        3
 Animate Armour           Summ/Erth      0%         N/A       100%        4
 Freezing Cloud           Conj/Ice/Air   0%         6-21      100%        5
 Lehudib's Crystal Spear  Conj/Erth      0%         10d2      100%        8


Dungeon Overview and Level Annotations

Branches:
Dungeon (3/15)

Altars:

Shops:
D:1 :   D:2 ?

Annotations:
D:6 Maggie


Innate Abilities, Weirdness & Mutations

You have a pair of horns on your head.
You reflexively headbutt those who attack you in melee.


Message History

You feel very mighty all of a sudden. The hound bites you.
Maggie hits you from afar with a +2 halberd of flaming.
Maggie burns you. The hound bites you but does no damage.
You closely miss the hound. You headbutt the hound!
The hound is severely wounded.
The hound bites you. Maggie casts a spell at you. The bolt of fire misses you.
You closely miss the hound. You headbutt the hound.
You kill the hound!
Maggie barely misses you.
Maggie hits you with a +2 halberd of flaming.
Maggie burns you.
You completely miss Maggie. You block Maggie's attack.
You slash Maggie!
Maggie is lightly wounded.
Maggie hits you with a +2 halberd of flaming!
* * * LOW HITPOINT WARNING * * *
Maggie burns you.
* * * LOW HITPOINT WARNING * * *
You block Maggie's attack.
You slice Maggie!!
Maggie is heavily wounded.
Maggie hits you but does no damage.
You slash Maggie!
Maggie is heavily wounded.
Maggie hits you with a +2 halberd of flaming!
* * * LOW HITPOINT WARNING * * *
Maggie burns you.
* * * LOW HITPOINT WARNING * * *
You hit Maggie.
Maggie is severely wounded.
You break out of your daze.
Maggie drinks a potion.
Maggie is healed!
You barely miss Maggie. You headbutt Maggie!
Maggie is severely wounded.
Maggie gestures at you while chanting. The bolt of fire hits you!!
You die...

..... ##.## #. .... #.
#.##.... #. #.......
##.### #. #..#..# ......
#.####..#..# ##.##
#.$........# ##.#
#..#...@...#### ...#
###..#...@†......
########......†..†......
.........#..#...........
####### #..####.#.#####
...# ###..####.#.# ##.#
#........>#.# #.#
##.....###.# # #.#
#..........# #)#
#..)...###.#


You could see Maggie.

Vanquished Creatures
  3 wights (D:6)
  3 hounds (D:6)
  An adder (D:2)
  A dart slug (D:1)
  7 bats
  2 endoplasms
  4 giant cockroaches
  6 goblins
  4 hobgoblins
  4 jackals (D:2)
  9 kobolds
  3 quokkas
  5 ball pythons
  A frilled lizard (D:1)
  6 rats
59 creatures vanquished.

Notes
Turn   | Place    | Note
-------+----------+-------------------------------------------
     0 | D:1      | nightchill the Minotaur Fighter began the quest for the
                  | Orb.
     0 | D:1      | Reached XP level 1. HP: 19/19 MP: 0/0
   124 | D:1      | Reached skill level 3 in Axes
   150 | D:1      | Reached XP level 2. HP: 27/27 MP: 1/1
   433 | D:1      | Found a faded altar of an unknown god.
   607 | D:1      | Found Taradopny's Book Shoppe.
   733 | D:1      | Reached XP level 3. HP: 33/33 MP: 2/2
   918 | D:2      | Reached skill level 4 in Axes
  1155 | D:2      | Found Rexuguar's Magic Scroll Shoppe.
  1629 | D:3      | Reached XP level 4. HP: 41/41 MP: 3/3
  1725 | D:3      | You fall into a shaft and drop 3 floors!
  1760 | D:6      | Reached skill level 5 in Axes
  1763 | D:6      | Reached skill level 5 in Fighting
  1763 | D:6      | Reached XP level 5. HP: 27/48 MP: 4/4
  1773 | D:6      | Reached skill level 6 in Axes
  1917 | D:6      | Noticed Maggie
  1925 | D:6      | Reached XP level 6. HP: 51/56 MP: 5/5
  1934 | D:6      | Killed from afar by Maggie

Illustrated notes

Levels and vault maps discovered:
D:1:      heliophobic_arrival_glass_houses, layout_basic,
          chequers_ecumenical_altar_simple_redux, serial_shops, shop_fountains,
          serial_aquarium, aquarium_bridge_square [aquarium_subvault_wall,
          aquarium_subvault_window, aquarium_subvault_window,
          aquarium_subvault_bridge], aquarium_window_corner, aquarium_window_1,
          aquarium_window_corner, aquarium_window_1, aquarium_view_2d,
          aquarium_view_2d, aquarium_pool_split
D:2:      layout_loops_ring, serial_shops, shop
D:3:      layout_rooms, grunt_ministairs_2
D:6:      minmay_spotlight, layout_loops_ring, uniq_pikel, uniq_maggie

Skill      XL: |  1  2  3  4  5 |
---------------+----------------+-----
Axes           | 3 4 5 6 |  6.7
Fighting       | 4 5 |  5.6
Armour         | |  3.6
Shields        | |  3.6

Action                     |  1- 3 |  4- 6 || total
---------------------------+-------+-------++-------
  Melee: War axe           |    98 |    36 ||   134
         Headbutt          |     5 |     6 ||    11
    Use: Potion            |       |     1 ||     1
 Armour: Scale mail        |    32 |       ||    32
         Plate armour      |    32 |    12 ||    44
  Dodge: Dodged            |    36 |    10 ||    46
  Block: Buckler           |    28 |    18 ||    46
